[ AOE2 MATCH · #495759357 ]
UnrankedAztecs vs Shu
Player's team · LOSS
Rival team · WIN
[ REPLAY ANALYSIS · EXTRACTED FROM THE RECORDED GAME ]
Feudal
10:25
Castle
24:02
Imperial
40:20
| APM avg | 41.4 |
| APM peak | 99 |
| eAPM avg | 21.3 |
| Villagers / military | 153 / 256 |
Focus
⚔️ 38.0% · 🌾 62.0%
Eagle Scout ×142 · Skirmisher ×79 · Archer ×31 · Mangonel ×2 · Scorpion ×1 · Spearman ×1
Feudal
10:30
Castle
22:36
Imperial
33:50
| APM avg | 42.7 |
| APM peak | 99 |
| eAPM avg | 18.3 |
| Villagers / military | 151 / 107 |
Focus
⚔️ 38.1% · 🌾 61.9%
Archer ×82 · Unknown (1942) ×15 · Militia ×10 · Skirmisher ×9 · Monk ×4 · Mangonel ×2
Match map
Initial resources + every placement click. Lines = walls · curves = elevation contours. ◆ gold · ⬟ stone · ● berries · ✦ relic · ◌ wall gap
Your base· Open — 3t gap
PirateBaies's base· Open — unwalled flank
Smoothed initial terrain · ◌ = detected wall gap · hover for details
Inputs per minute
— KLOAKAN - - PirateBaies
Build order — KLOAKAN
First 150 of 565 actions detected
| 0:00 | Queue | Villager (Male) |
| 0:01 | Queue | Villager (Male) |
| 0:01 | Queue | Villager (Male) |
| 0:02 | Build | House |
| 0:04 | Build | House |
| 0:08 | Build | House |
| 0:15 | Queue | Villager (Male) |
| 1:24 | Queue | Villager (Male) |
| 1:51 | Build | Lumber Camp |
| 2:02 | Queue | Villager (Male) |
| 2:33 | Queue | Villager (Male) |
| 2:53 | Queue | Villager (Male) |
| 3:10 | Queue | Villager (Male) |
| 3:29 | Build | House |
| 3:43 | Queue | Villager (Male) |
| 4:19 | Queue | Villager (Male) |
| 4:57 | Queue | Villager (Male) |
| 5:03 | Build | House |
| 5:26 | Queue | Villager (Male) |
| 5:30 | Build | Barracks |
| 5:32 | Build | House |
| 5:44 | Queue | Villager (Male) |
| 6:01 | Queue | Villager (Male) |
| 6:43 | Queue | Villager (Male) |
| 6:49 | Queue | Villager (Male) |
| 7:06 | Build | Mill |
| 7:15 | Research | Loom |
| 8:15 | Research | Feudal Age |
| 8:39 | Build | Lumber Camp |
| 8:42 | Queue | Villager (Male) |
| 10:03 | Build | Mining Camp |
| 10:25 | Age | Feudal Age |
| 10:28 | Queue | Villager (Male) |
| 10:38 | Build | Archery Range |
| 10:44 | Research | Double-Bit Axe |
| 10:55 | Queue | Villager (Male) |
| 11:01 | Queue | Spearman |
| 11:13 | Build | Palisade Wall |
| 11:18 | Queue | Villager (Male) |
| 11:39 | Queue | Archer |
| 11:46 | Build | Archery Range |
| 11:49 | Queue | Villager (Male) |
| 12:04 | Queue | Eagle Scout |
| 12:08 | Queue | Villager (Male) |
| 12:17 | Build | Blacksmith |
| 12:21 | Build | Palisade Wall |
| 12:27 | Queue | Archer |
| 12:38 | Queue | Villager (Male) |
| 12:45 | Queue | Archer |
| 12:45 | Queue | Archer |
| 13:01 | Research | Town Watch |
| 13:04 | Build | House |
| 13:10 | Build | House |
| 13:17 | Build | Palisade Gate |
| 13:22 | Queue | Villager (Male) |
| 13:24 | Queue | Archer |
| 13:24 | Queue | Skirmisher |
| 13:36 | Research | Fletching |
| 13:37 | Queue | Skirmisher |
| 13:38 | Queue | Skirmisher |
| 13:39 | Queue | Villager (Male) |
| 14:00 | Build | House |
| 14:03 | Queue | Archer |
| 14:03 | Queue | Archer |
| 14:11 | Queue | Villager (Male) |
| 14:24 | Build | Farm |
| 14:41 | Queue | Villager (Male) |
| 14:43 | Queue | Archer |
| 14:43 | Queue | Archer |
| 14:54 | Queue | Villager (Male) |
| 15:00 | Research | Horse Collar |
| 15:05 | Build | Farm |
| 15:12 | Queue | Villager (Male) |
| 15:14 | Queue | Archer |
| 15:14 | Queue | Archer |
| 15:36 | Queue | Archer |
| 15:41 | Build | House |
| 15:42 | Queue | Villager (Male) |
| 15:43 | Queue | Archer |
| 16:05 | Queue | Archer |
| 16:05 | Queue | Archer |
| 16:06 | Queue | Villager (Male) |
| 16:08 | Build | Farm |
| 16:11 | Build | Farm |
| 16:13 | Build | Farm |
| 16:16 | Build | House |
| 16:24 | Queue | Villager (Male) |
| 16:31 | Queue | Eagle Scout |
| 16:31 | Queue | Eagle Scout |
| 17:04 | Queue | Archer |
| 17:04 | Queue | Archer |
| 17:05 | Queue | Villager (Male) |
| 17:09 | Build | Farm |
| 17:13 | Build | Farm |
| 17:15 | Build | Farm |
| 17:15 | Build | Farm |
| 17:15 | Build | Farm |
| 17:15 | Build | Farm |
| 17:16 | Build | Farm |
| 17:34 | Queue | Archer |
| 18:02 | Queue | Villager (Male) |
| 18:04 | Queue | Archer |
| 18:04 | Queue | Archer |
| 18:14 | Queue | Villager (Male) |
| 18:17 | Build | Farm |
| 18:19 | Build | Farm |
| 18:20 | Build | Farm |
| 18:23 | Build | House |
| 18:24 | Queue | Villager (Male) |
| 18:25 | Queue | Archer |
| 19:09 | Queue | Villager (Male) |
| 19:10 | Queue | Archer |
| 19:10 | Queue | Archer |
| 19:26 | Queue | Villager (Male) |
| 19:30 | Build | Farm |
| 19:33 | Build | Farm |
| 19:35 | Build | Farm |
| 19:35 | Queue | Villager (Male) |
| 19:38 | Queue | Archer |
| 19:38 | Queue | Archer |
| 19:57 | Build | House |
| 19:58 | Build | House |
| 20:14 | Queue | Archer |
| 20:14 | Queue | Archer |
| 20:20 | Queue | Villager (Male) |
| 20:26 | Build | Farm |
| 20:29 | Build | Farm |
| 20:37 | Queue | Eagle Scout |
| 20:38 | Queue | Eagle Scout |
| 20:49 | Queue | Villager (Male) |
| 21:21 | Research | Castle Age |
| 21:45 | Research | Padded Archer Armor |
| 21:47 | Queue | Archer |
| 21:48 | Queue | Archer |
| 22:03 | Research | Gold Mining |
| 22:14 | Build | Barracks |
| 22:15 | Build | Barracks |
| 22:20 | Queue | Archer |
| 22:20 | Queue | Archer |
| 22:28 | Research | Scale Mail Armor |
| 22:46 | Build | House |
| 23:12 | Queue | Eagle Scout |
| 23:12 | Queue | Eagle Scout |
| 23:17 | Research | Forging |
| 23:33 | Build | Palisade Gate |
| 23:43 | Build | House |
| 24:02 | Age | Castle Age |
| 24:03 | Queue | Eagle Scout |
| 24:03 | Queue | Eagle Scout |
| 24:06 | Research | Crossbowman (upgrade) |
Build order — PirateBaies
First 150 of 427 actions detected
| 0:01 | Queue | Villager (Male) ×4 |
| 0:02 | Build | House |
| 0:04 | Build | House |
| 1:36 | Queue | Villager (Male) |
| 1:36 | Queue | Villager (Male) |
| 1:54 | Queue | Villager (Male) |
| 1:55 | Queue | Villager (Male) |
| 2:04 | Build | Lumber Camp |
| 2:36 | Queue | Villager (Male) |
| 3:02 | Queue | Villager (Male) |
| 3:26 | Queue | Villager (Male) |
| 3:48 | Build | Mill |
| 3:53 | Queue | Villager (Male) |
| 3:53 | Queue | Villager (Male) |
| 3:53 | Queue | Villager (Male) |
| 4:09 | Build | House |
| 4:14 | Build | House |
| 4:26 | Queue | Villager (Male) |
| 4:40 | Queue | Villager (Male) |
| 5:43 | Queue | Villager (Male) |
| 5:49 | Queue | Villager (Male) |
| 5:49 | Queue | Villager (Male) |
| 6:52 | Queue | Villager (Male) |
| 6:53 | Queue | Villager (Male) |
| 7:40 | Build | Mining Camp |
| 7:48 | Research | Loom |
| 8:20 | Research | Feudal Age |
| 8:43 | Build | House |
| 8:48 | Build | Barracks |
| 9:00 | Build | Palisade Wall |
| 9:02 | Queue | Villager (Male) |
| 9:03 | Queue | Villager (Male) |
| 9:28 | Build | Lumber Camp |
| 10:30 | Age | Feudal Age |
| 10:42 | Build | Archery Range |
| 11:20 | Queue | Villager (Male) |
| 11:21 | Research | Double-Bit Axe |
| 11:23 | Research | Horse Collar |
| 11:30 | Build | House |
| 11:34 | Queue | Archer |
| 11:47 | Queue | Villager (Male) |
| 11:48 | Queue | Archer |
| 11:52 | Build | House |
| 11:54 | Build | Palisade Wall |
| 11:57 | Queue | Villager (Male) |
| 12:11 | Queue | Villager (Male) |
| 12:23 | Queue | Skirmisher |
| 12:51 | Queue | Skirmisher |
| 12:51 | Queue | Villager (Male) |
| 13:06 | Build | Blacksmith |
| 13:08 | Queue | Villager (Male) |
| 13:11 | Build | Farm |
| 13:17 | Build | Farm |
| 13:23 | Queue | Villager (Male) |
| 13:28 | Queue | Skirmisher |
| 13:38 | Build | House |
| 13:40 | Build | Palisade Wall |
| 13:42 | Queue | Skirmisher |
| 13:56 | Build | Farm |
| 13:59 | Build | Farm |
| 14:12 | Research | Fletching |
| 14:21 | Queue | Villager (Male) |
| 14:24 | Build | Farm |
| 14:28 | Queue | Villager (Male) |
| 14:28 | Queue | Archer |
| 14:38 | Queue | Archer |
| 14:48 | Build | Farm |
| 14:50 | Queue | Villager (Male) |
| 14:51 | Queue | Archer |
| 15:00 | Build | House |
| 15:16 | Build | House |
| 15:49 | Queue | Skirmisher |
| 15:50 | Queue | Villager (Male) |
| 15:55 | Build | Farm |
| 16:03 | Queue | Skirmisher |
| 16:08 | Build | Farm |
| 16:11 | Build | Farm |
| 16:12 | Build | Farm |
| 16:13 | Queue | Villager (Male) |
| 16:17 | Build | Farm |
| 16:21 | Queue | Villager (Male) |
| 16:22 | Queue | Skirmisher |
| 16:48 | Queue | Villager (Male) |
| 16:56 | Build | Farm |
| 16:56 | Build | Farm |
| 17:02 | Queue | Skirmisher |
| 17:20 | Queue | Villager (Male) |
| 17:25 | Build | Farm |
| 17:26 | Build | Farm |
| 17:27 | Build | Farm |
| 17:35 | Queue | Skirmisher |
| 17:36 | Queue | Villager (Male) |
| 17:49 | Queue | Villager (Male) |
| 17:53 | Build | Farm |
| 17:53 | Build | Farm |
| 17:56 | Build | Farm |
| 17:57 | Queue | Villager (Male) |
| 18:11 | Queue | Archer |
| 18:18 | Build | Archery Range |
| 18:51 | Queue | Villager (Male) |
| 19:08 | Queue | Archer |
| 19:21 | Queue | Archer |
| 19:42 | Build | Farm |
| 19:54 | Queue | Archer |
| 19:54 | Queue | Archer |
| 19:56 | Research | Castle Age |
| 20:05 | Research | Gold Mining |
| 20:18 | Queue | Archer |
| 20:18 | Queue | Archer |
| 20:43 | Research | Padded Archer Armor |
| 21:01 | Build | Lumber Camp |
| 21:09 | Queue | Archer |
| 21:25 | Queue | Archer |
| 21:26 | Queue | Archer |
| 21:38 | Queue | Archer |
| 21:48 | Build | House |
| 21:49 | Build | House |
| 21:50 | Build | House |
| 21:53 | Queue | Archer |
| 22:36 | Age | Castle Age |
| 22:37 | Research | Crossbowman (upgrade) |
| 22:37 | Research | Crossbowman (upgrade) |
| 22:38 | Research | Bodkin Arrow |
| 22:40 | Research | Bow Saw |
| 22:42 | Queue | Villager (Male) |
| 22:55 | Build | Town Center |
| 22:58 | Queue | Villager (Male) |
| 23:02 | Research | Leather Archer Armor |
| 23:04 | Queue | Archer |
| 23:06 | Queue | Archer |
| 23:14 | Queue | Villager (Male) |
| 23:30 | Queue | Archer |
| 23:30 | Queue | Archer |
| 23:39 | Queue | Archer |
| 23:39 | Queue | Archer |
| 23:43 | Queue | Villager (Male) |
| 23:43 | Queue | Villager (Male) |
| 23:45 | Research | Wheelbarrow |
| 23:45 | Research | Town Watch |
| 23:51 | Build | University |
| 24:24 | Queue | Villager (Male) |
| 24:24 | Queue | Archer |
| 24:25 | Queue | Archer |
| 24:45 | Queue | Villager (Male) |
| 24:53 | Queue | Villager (Male) |
| 24:53 | Queue | Villager (Male) |
| 24:53 | Queue | Villager (Male) |
| 24:54 | Queue | Archer |
| 24:54 | Queue | Archer |
| 25:06 | Queue | Archer |
Match timeline
| 5:30 | KLOAKAN · first_building Barracks |
| 8:48 | PirateBaies · first_building Barracks |
| 9:00 | PirateBaies · wall_segment Palisade Wall x7 |
| 10:25 | KLOAKAN · age_up feudal |
| 10:30 | PirateBaies · age_up feudal |
| 10:38 | KLOAKAN · first_building Archery Range |
| 10:42 | PirateBaies · first_building Archery Range |
| 11:13 | KLOAKAN · wall_segment Palisade Wall x1 |
| 11:54 | PirateBaies · wall_segment Palisade Wall x7 |
| 12:21 | KLOAKAN · wall_segment Palisade Wall x1 |
| 13:40 | PirateBaies · wall_segment Palisade Wall x3 |
| 22:36 | PirateBaies · age_up castle |
| 24:02 | KLOAKAN · age_up castle |
| 26:00 | KLOAKAN · first_building Siege Workshop |
| 26:19 | PirateBaies · first_market_sell 100 wood |
| 27:33 | PirateBaies · first_building Siege Workshop |
| 27:46 | KLOAKAN · first_market_sell 100 wood |
| 28:53 | KLOAKAN · wall_segment Stone Wall x8 |
| 29:55 | PirateBaies · first_building Monastery |
| 31:13 | KLOAKAN · first_building Castle |
| 33:50 | PirateBaies · age_up imperial |
| 34:40 | PirateBaies · wall_segment Palisade Wall x1 |
| 36:07 | PirateBaies · first_building Castle |
| 40:20 | KLOAKAN · age_up imperial |
| 43:57 | PirateBaies · wall_segment Palisade Wall x1 |
| 44:26 | PirateBaies · wall_segment Palisade Wall x6 |
| 44:30 | PirateBaies · first_market_buy 100 stone |
| 51:02 | PirateBaies · wall_segment Palisade Wall x1 |
| 51:26 | KLOAKAN · resign |
[ AI ANALYSIS · 1 CREDIT ]
What really happened in this match?
Wolo.gg analyzes every decision: build order, eco, micro, common mistakes by bracket. Personalized analysis on WhatsApp or Discord in 30 seconds.
Civ guide
Aztecs
Perfil
Jugador #381421